 Dungeon Crawl Stone Soup version 0.25.1-8-g42b30a86e7 (webtiles) character file.

Game seed: 16265078388645654820

75 gruber the Chiller (level 4, 30/30 HPs)
             Began as a Demonspawn Ice Elementalist on Dec 19, 2020.
             Quit the game on level 2 of the Dungeon.
             The game lasted 00:02:52 (2554 turns).

gruber the Chiller (Demonspawn Ice Elementalist)    Turns: 2554, Time: 00:02:52

Health: 30/30      AC:  5    Str:  9    XL:     4   Next: 11%
Magic:  3/7        EV: 12    Int: 17    God:
Gold:   35         SH:  5    Dex: 19    Spells: 3/7 levels left

rFire    . . .     SeeInvis +   i - -2 short sword (curse)
rCold    + . .     Gourm    .   (no shield)
rNeg     . . .     Faith    .   u - -1 leather armour (curse)
rPois    .         Spirit   .   (no helmet)
rElec    .         Reflect  +   q - +0 cloak
rCorr    .         Harm     .   (no gloves)
MR       .....                  (no boots)
Stlth    ++........             d - amulet of reflection
HPRegen  0.10/turn              p - +6 ring of dexterity
MPRegen  0.10/turn              r - ring of see invisible

@: frozen ramparts
A: slimy green scales 1, cold resistance 1
a: no special abilities


You were on level 2 of the Dungeon.
You were hungry.

You visited 1 branch of the dungeon, and saw 2 of its levels.

You collected 35 gold pieces.

Inventory:

Hand Weapons
 f - a +0 dagger
 i - a cursed -2 short sword (weapon)
Missiles
 j - 17 poisoned darts (quivered)
Armour
 a - a +0 robe
 q - a +0 cloak (worn)
 u - a cursed -1 leather armour (worn)
Jewellery
 d - an amulet of reflection (around neck)
 p - a +6 ring of dexterity (left hand)
 r - a ring of see invisible (right hand)
 s - an uncursed ring of ice {unknown}
Scrolls
 b - 2 scrolls of enchant weapon {unknown}
 g - 4 scrolls of identify {unknown}
 k - 2 scrolls of teleportation {unknown}
 l - a scroll of immolation {unknown}
 n - a scroll of remove curse {unknown}
 o - a scroll of amnesia {unknown}
Potions
 e - a potion of brilliance {unknown}
 h - 4 potions of curing {unknown}
 m - a potion of mutation {unknown}
 t - a potion of heal wounds {unknown}
Comestibles
 c - 3 rations


   Skills:
 - Level 1.7 Dodging
 - Level 1.7 Stealth
 - Level 2.0 Spellcasting
 * Level 5.2 Ice Magic


You had 3 spell levels left.
You knew the following spells:

 Your Spells              Type           Power        Failure   Level  Hunger
a - Freeze                Ice            ###.         3%          1    #......
b - Frozen Ramparts       Ice            ###...       10%         3    ###....

Your spell library contained the following spells:

 Spells                   Type           Power        Failure   Level  Hunger
 Ozocubu's Armour         Chrm/Ice       ##......     28%         3    ###....
 Hailstorm                Conj/Ice       ##......     67%         4    #####..
 Summon Ice Beast         Ice/Summ       ##......     67%         4    #####..


Dungeon Overview and Level Annotations

Branches:
Dungeon (2/15)

Altars:
Cheibriados


Innate Abilities, Weirdness & Mutations

You are partially covered in slimy green scales. (AC +2)
Your flesh is cold resistant. (rC+)


Message History

The gnoll closely misses you.
Casting: Freeze (safe; 3% risk of failure)
Confirm with . or Enter, or press ? or * to list all spells.
The spell is quite dangerous to cast (11% risk of failure)!
Continue anyway?
Okay, then.
Casting: Frozen Ramparts (quite dangerous; 11% risk of failure)
Confirm with . or Enter, or press ? or * to list all spells.
The spell is quite dangerous to cast (11% risk of failure)!
Continue anyway?
The walls around you are covered in ice.
The wall freezes the gnoll.
Unknown command.
The wall freezes the gnoll.
The wall freezes the gnoll.
The wall freezes the gnoll.
The wall freezes the gnoll.
You kill the gnoll!
You have reached level 4!
You feel stronger.
Your demonic ancestry asserts itself...
Slimy green scales grow over part of your body.
Are you sure you want to abandon this character and quit the game? (Confirm with "yes".)

# .. #........# #.....#
#........# #.....#
#....g...# ......#
#........#
#.....###........#
..............#
..#.......#####
#.#.......###########.#
.............)..@.....#
#.#.......#############
#.#.......# #.#.......#
#.#.......# #.#....####
#.#....# #.###### #.#


There were no monsters in sight!

Vanquished Creatures
  A gnoll (D:2)
  2 adders
  A dart slug (D:1)
  4 giant cockroaches
  8 goblins
  4 hobgoblins
  2 jackals (D:2)
  A quokka (D:2)
  8 bats
  2 frilled lizards
  7 kobolds
  A rat (D:2)
41 creatures vanquished.

Notes
Turn   | Place    | Note
-------+----------+-------------------------------------------
     0 | D:1      | gruber the Demonspawn Ice Elementalist began the quest for
                  | the Orb.
     0 | D:1      | Reached XP level 1. HP: 13/13 MP: 3/3
    63 | D:1      | Found a snail-covered altar of Cheibriados.
   335 | D:1      | Reached skill level 4 in Ice Magic
   358 | D:1      | Gained mutation: Your flesh is cold resistant. (rC+)
                  | [demonic ancestry]
   358 | D:1      | Reached XP level 2. HP: 13/19 MP: 1/5
  1333 | D:1      | Reached XP level 3. HP: 24/24 MP: 6/6
  1699 | D:1      | Learned a level 3 spell: Frozen Ramparts
  1726 | D:2      | Reached skill level 5 in Ice Magic
  2553 | D:2      | Gained mutation: You are partially covered in slimy green
                  | scales. (AC +2) [demonic ancestry]
  2553 | D:2      | Reached XP level 4. HP: 30/30 MP: 3/7
  2554 | D:2      | Quit the game

Illustrated notes

Levels and vault maps discovered:
D:1:      lightli_arrival_maybe_door_vault, layout_basic, cheibriados_altar_1
D:2:      layout_basic, first_ration, minmay_fractal_squares_5

Skill      XL: |  1  2  3 |
---------------+----------+-----
Ice Magic      | 4 5 |  5.2
Dodging        | |  1.7
Stealth        | |  1.7
Spellcasting   | |  2.0

Action                   |  1- 3 |  4- 6 || total
-------------------------+-------+-------++-------
Melee: Unarmed           |    12 |       ||    12
       Dagger            |    72 |       ||    72
 Cast: Freeze            |    38 |       ||    38
       Frozen Ramparts   |     2 |       ||     2
 Stab: Sleeping          |     7 |       ||     7
  Eat: Chunk             |     5 |       ||     5
Armor: Robe              |    21 |       ||    21
Dodge: Dodged            |    76 |       ||    76
Block: Other             |    30 |       ||    30
